 Dungeon Crawl Stone Soup version 0.25-a0-166-g16436c4407 (webtiles) character file.

Game seed: 510224343419666863, levelgen mode: deterministic

13846 tilp the Zephyrmancer (level 12, -1/73 HPs)
             Began as a Tengu Air Elementalist on Nov 23, 2019.
             Was a Priest of Sif Muna.
             Killed from afar by a frost giant (19 damage)
             ... with a bolt of cold
             ... in an ice cave.
             The game lasted 00:38:37 (15893 turns).

tilp the Zephyrmancer (Tengu Air Elementalist)     Turns: 15893, Time: 00:38:38

Health: -1/73      AC:  6    Str:  8    XL:     12   Next: 10%
Magic:  4/22       EV: 22    Int: 20    God:    Sif Muna [***...]
Gold:   601        SH:  0    Dex: 16    Spells: 2/23 levels left

rFire    x . .     SeeInvis .   a - +1 dagger (speed)
rCold    + . .     Gourm    .   (no shield)
rNeg     . . .     Faith    +   e - +1 robe
rPois    .         Spirit   .   H - +2 hat
rElec    .         Reflect  .   (no cloak)
rCorr    .         Harm     .   O - +0 pair of gloves
MR       .....                  (boots unavailable)
Stlth    +++.......             B - amulet of faith
HPRegen  0.22/turn              m - ring of wizardry
MPRegen  0.18/turn              G - ring of ice

@: flying quickly and evasively, quick
A: beak, talons 3, able to fly
a: Stop Flying, Channel Magic, Forget Spell, Renounce Religion


You were in an ice cave.
You worshipped Sif Muna.
Sif Muna was most pleased with you.
You were very hungry.

You visited 2 branches of the dungeon, and saw 12 of its levels.
You also visited: Ossuary and Ice Cave.

You collected 601 gold pieces.

Inventory:

Hand Weapons
 a - a +1 dagger of speed (weapon)
 b - a +2 hunting sling of freezing
Missiles
 i - 66 sling bullets
 q - 52 poisoned darts
 L - 5 boomerangs
 N - 7 curare-tipped darts (quivered)
Armour
 e - a +1 robe (worn)
 H - a +2 hat (worn)
 O - a +0 pair of gloves (worn)
Magical Staves
 r - an uncursed staff of power
Jewellery
 d - an uncursed amulet of the acrobat
 m - a ring of wizardry (left hand)
 p - an uncursed ring of resist corrosion
 B - an amulet of faith (around neck)
 G - a ring of ice (right hand)
Wands
 y - a wand of digging (4)
 I - a wand of disintegration (14)
 M - a wand of scattershot (5)
 Q - a wand of paralysis (15)
Scrolls
 g - 4 scrolls of fear
 l - a scroll of fog
 t - 8 scrolls of remove curse
 x - 2 scrolls of teleportation
 z - a scroll of enchant weapon
 F - a scroll of immolation
 J - a scroll of enchant armour
 R - a scroll of torment {unknown}
 S - a scroll of blinking {unknown}
Potions
 h - a potion of agility
 j - 2 potions of cancellation
 k - 5 potions of heal wounds
 n - 5 potions of curing
 o - 4 potions of invisibility
 s - 3 potions of lignification
 u - 4 potions of resistance
 v - 2 potions of haste
 w - 2 potions of brilliance
 D - a potion of mutation
 E - 3 potions of berserk rage
 K - a potion of ambrosia
Comestibles
 c - 16 rations
 f - 4 chunks of flesh


   Skills:
 - Level 8.0 Fighting
 + Level 9.1 Dodging
 - Level 4.0 Stealth
 - Level 6.1 Spellcasting
 - Level 6.2 Conjurations
 - Level 10.6 Air Magic
 - Level 8.0 Invocations
 - Level 6.0 Evocations


You had 2 spell levels left.
You knew the following spells:

 Your Spells              Type           Power        Failure   Level  Hunger
a - Shock                 Conj/Air       ####         1%          1    None
b - Swiftness             Chrm/Air       ####....     1%          2    None
c - Static Discharge      Conj/Air       #####...     1%          3    ##.....
d - Airstrike             Air            #####.....   1%          4    ####...
e - Lightning Bolt        Conj/Air       #####.....   3%          5    #####..
f - Mephitic Cloud        Conj/Pois/Air  ####....     1%          3    ##.....
g - Conjure Flame         Conj/Fire      ###.....     3%          3    ##.....

Your spell library contained the following spells:

 Spells                   Type           Power        Failure   Level  Hunger
 Magic Dart               Conj           ####         1%          1    None
 Throw Frost              Conj/Ice       ####..       1%          2    None
 Freeze                   Ice            #...         4%          1    None
 Sandblast                Erth           #.....       4%          1    None
 Blink                    Tloc           N/A          6%          2    None
 Call Imp                 Summ           #.......     6%          2    None
 Passwall                 Tmut/Erth      #.......     6%          2    None
 Slow                     Hex            #.......     6%          2    None
 Stone Arrow              Conj/Erth      ###...       3%          3    ##.....
 Ozocubu's Armour         Chrm/Ice       #.......     12%         3    ##.....
 Throw Icicle             Conj/Ice       ####....     12%         4    ####...
 Petrify                  Tmut/Erth      #.......     38%         4    ####...
 Summon Ice Beast         Ice/Summ       #.......     38%         4    ####...
 Lee's Rapid Deconstruct  Erth           #.........   71%         5    #####..


Dungeon Overview and Level Annotations

Branches:
Dungeon (11/15)            Temple (1/1) D:6            Lair (0/6) D:9
    Orc (0/2) D:9         Ossuary (visited)           IceCv (1/1)

Altars:
Ashenzari
Elyvilon
Fedhas
Gozag
Hepliaklqana
Kikubaaqudgha
Makhleb
Nemelex Xobeh
Qazlal
Ru
Sif Muna
Trog
Vehumet
Wu Jian
Yredelemnul

Annotations:
D:5 exclusion: howler monkey, Dowan
D:6 3 runed translucent doors, Blork the orc; Xiguana's ghost, novice OgVM IceCv exclusion: ice statue


Innate Abilities, Weirdness & Mutations

You have a beak for a mouth.
You have claws for feet.
You can fly continuously.


Message History

Press: ? - help, Dir - move target cursor, f/p - frost giant
Aim: a frost giant, wielding a +4 battleaxe of freezing (flame, severely wounded)
The air twists around and strikes the frost giant.
The frost giant is severely wounded.
You are feeling very hungry.
The frost giant is engulfed in blazing flames.
The frost giant casts a spell at you. The bolt of cold misses you.
Unknown command.
Casting: Airstrike (safe; 1% risk of failure)
Confirm with . or Enter, or press ? or * to list all spells.
Aiming: Airstrike (safe; 1% risk of failure)
Press: ? - help, Dir - move target cursor, f/p - frost giant
Aim: a frost giant, wielding a +4 battleaxe of freezing (flame, severely wounded)
The air twists around and strikes the frost giant!
The frost giant is severely wounded.
The frost giant is engulfed in blazing flames.
The frost giant points at you and mumbles some strange words.
The bolt of cold hits you!! You resist.
You die...

....#### #.#.# #..##
##..### #### #..##≈##
#### ##.###≈≈# ##≈≈#
#.#.##≈≈##########≈≈≈#
##..≈≈≈≈≈≈≈≈≈≈≈≈≈≈≈≈≈#
##○≈≈≈≈≈≈≈≈≈≈≈≈≈≈≈≈##
###≈≈○#############≈≈≈#
##≈≈≈≈≈@#....... ##### #
##≈≈≈≈###C.......
#########≈≈≈≈##...°.###..
≈≈≈≈##≈C≈≈####.....##
≈≈≈≈≈≈≈#### .......#
≈≈≈≈≈≈## #........#
≈≈##### ##........ ###
##....... # ###......


You could see a frost giant.

Vanquished Creatures
  2 two-headed ogres
  Sonja (D:10)
  An unseen horror (D:7)
  A komodo dragon (D:9)
  2 trolls
  10 polar bears (IceCv)
  Prince Ribbit (D:5)
  2 hippogriffs
  A shadow (D:10)
  2 wyverns (D:10)
  8 yaks
  4 orc warriors
  4 sky beasts
  10 ice beasts
  4 phantoms
  A black bear (D:8)
  10 wolves (IceCv)
  6 ogres
  2 centaurs
  A big kobold (D:10)
  An elf zombie (D:4)
  5 bullfrogs
  An elf skeleton (D:4)
  7 water moccasin zombies
  5 scorpions
  9 wights (D:8)
  A crimson imp (D:9)
  3 centaur zombies
  A quasit (D:11)
  A centaur skeleton (D:5)
  2 human zombies (D:4)
  5 hounds
  4 jellies
  A bullfrog skeleton (D:8)
  4 orc priests
  5 orc wizards
  Jessica (D:3)
  3 human skeletons (D:4)
  12 worker ants
  3 big kobold zombies (Ossuary)
  A hound skeleton (D:4)
  2 mummies (Ossuary)
  A worker ant zombie (D:5)
  A howler monkey skeleton (D:8)
  10 adders
  3 shadow imps
  6 oozes
  5 adder zombies
  An adder skeleton (D:9)
  2 worms (D:4)
  3 dart slugs
  6 leopard geckos
  35 orcs
  7 giant cockroaches
  4 goblins
  8 hobgoblins
  18 jackals
  16 kobolds
  5 quokkas
  2 ball pythons
  6 bats
  7 frilled lizards
  5 gnoll zombies (Ossuary)
  3 hobgoblin zombies (Ossuary)
  5 kobold zombies (Ossuary)
  2 orc skeletons (D:4)
  7 orc zombies
  A quokka skeleton (D:6)
  6 rats
325 creatures vanquished.

Vanquished Creatures (others)
  2 plants (D:9)
2 creatures vanquished.

Grand Total: 327 creatures vanquished

Notes
Turn   | Place    | Note
-------+----------+-------------------------------------------
     0 | D:1      | tilp the Tengu Air Elementalist began the quest for the
                  | Orb.
     0 | D:1      | Reached XP level 1. HP: 10/10 MP: 4/4
   186 | D:1      | You fall into a shaft and drop 1 floor!
   226 | D:1      | Reached XP level 2. HP: 13/15 MP: 0/6
   231 | D:1      | Learned a level 2 spell: Swiftness
   495 | D:1      | Reached XP level 3. HP: 17/19 MP: 0/7
   503 | D:1      | Learned a level 3 spell: Static Discharge
  1338 | D:2      | Reached XP level 4. HP: 24/24 MP: 6/8
  1579 | D:2      | Found an ancient bone altar of Kikubaaqudgha.
  2252 | D:3      | Found a shattered altar of Ashenzari.
  2375 | D:3      | Found a white marble altar of Elyvilon.
  2417 | D:3      | Noticed Jessica
  2430 | D:3      | Killed Jessica
  2430 | D:3      | Reached skill level 5 in Conjurations
  2430 | D:3      | Gained mutation: You can fly continuously. [Tengu growth]
  2430 | D:3      | Reached XP level 5. HP: 14/28 MP: 1/10
  2608 | D:3      | Reached skill level 5 in Air Magic
  2863 | D:4      | Found a stormy altar of Qazlal.
  2864 | D:4      | Noticed an ogre
  2877 | D:4      | Killed an ogre
  2877 | D:4      | Reached XP level 6. HP: 32/32 MP: 7/11
  2888 | D:4      | Learned a level 4 spell: Airstrike
  3109 | D:4      | Reached skill level 6 in Air Magic
  3138 | D:4      | Found a sand-covered staircase.
  3142 | D:4      | Reached XP level 7. HP: 17/36 MP: 4/13
  3299 | Ossuary  | Entered an ossuary
  3368 | Ossuary  | Reached skill level 1 in Fighting
  3931 | Ossuary  | Reached XP level 8. HP: 27/46 MP: 0/15
  4354 | D:4      | Reached skill level 5 in Dodging
  4966 | D:5      | Entered Level 5 of the Dungeon
  4966 | D:5      | Noticed Prince Ribbit
  5134 | D:5      | Noticed Dowan
  5359 | D:5      | Reached skill level 5 in Fighting
  6314 | D:5      | Killed Prince Ribbit
  6314 | D:5      | Reached XP level 9. HP: 38/55 MP: 3/16
  6708 | D:6      | Noticed Xiguana's ghost (novice OgVM)
  6728 | D:6      | Reached skill level 7 in Air Magic
  6819 | D:6      | Noticed Blork the orc
  6932 | D:6      | Found a runed translucent gate.
  6932 | D:6      | Found a runed translucent gate.
  6932 | D:6      | Found a runed translucent gate.
  6997 | D:6      | Found a staircase to the Ecumenical Temple.
  7422 | D:6      | Reached skill level 5 in Spellcasting
  7847 | D:7      | Reached skill level 8 in Air Magic
  7883 | D:7      | Found an opulent altar of Gozag.
  7956 | D:7      | Found a bloodstained altar of Trog.
  8592 | D:7      | Reached skill level 9 in Air Magic
  8605 | D:7      | Killed an unseen horror
  8605 | D:7      | Reached skill level 10 in Air Magic
  8605 | D:7      | Reached XP level 10. HP: 49/60 MP: 0/20
  8753 | D:7      | Reached skill level 1 in Evocations
  8909 | Temple   | Entered the Ecumenical Temple
  8924 | Temple   | Became a worshipper of Sif Muna the Loreminder
  9059 | D:8      | Found a sacrificial altar of Ru.
  9624 | D:8      | Noticed a two-headed ogre
  9885 | D:8      | Killed a two-headed ogre
  9885 | D:8      | Reached skill level 5 in Evocations
  9896 | D:8      | Learned a level 5 spell: Lightning Bolt
  9900 | D:8      | Learned a level 3 spell: Mephitic Cloud
  9904 | D:8      | Learned a level 3 spell: Conjure Flame
  9980 | D:8      | Reached * piety under Sif Muna
 10835 | D:8      | Found a radiant altar of Vehumet.
 10836 | D:8      | Found an ornate altar of the Wu Jian Council.
 10837 | D:8      | Found a sparkling altar of Nemelex Xobeh.
 10939 | D:8      | Reached skill level 1 in Invocations
 10942 | D:8      | Reached ** piety under Sif Muna
 11570 | D:9      | Found a hazy altar of Hepliaklqana.
 11599 | D:9      | Found a staircase to the Orcish Mines.
 11873 | D:9      | Found a staircase to the Lair.
 12109 | D:10     | Entered Level 10 of the Dungeon
 12181 | D:10     | Reached XP level 11. HP: 65/65 MP: 12/21
 12244 | D:10     | Reached skill level 5 in Invocations
 12288 | D:10     | Noticed Sonja
 12293 | D:10     | Killed Sonja
 12995 | D:10     | Reached *** piety under Sif Muna
 14083 | D:11     | Noticed a two-headed ogre
 14111 | D:11     | Killed a two-headed ogre
 14569 | D:11     | Found a frozen archway.
 14646 | IceCv    | Entered an ice cave
 15343 | IceCv    | Noticed a frost giant
 15462 | IceCv    | Reached XP level 12. HP: 70/73 MP: 17/22
 15893 | IceCv    | Killed from afar by a frost giant

Levels and vault maps discovered:
D:1:      nagdon_arrival_zigzag_paths, layout_basic,
          ebering_dispersal_statue_hall, corexii_leaking_fountain
D:2:      layout_rooms, kiku_gazebo_pond_becter, hangedman_feature_mirror
D:3:      layout_rooms, elyvilon_altar_3, ashenzari_altar_1, first_ration,
          uniq_jessica
D:4:      layout_gridville, lemuel_crystal_altar,
          nicolae_ossuary_entry_catacombs
D:5:      layout_loops_corners, hangedman_decor_points, uniq_prince_ribbit1,
          uniq_duvessa
D:6:      layout_loops_cross, minmay_temple_entry_overgrown,
          gammafunk_ghost_icy, uniq_blork_the_orc
D:7:      minmay_chambers_of_sixes, layout_loops_corners,
          nicolae_overflow_crystal_walls,
          nicolae_gozag_cash_rules_everything_around_me
D:8:      layout_cave_pods, nicolae_ru_the_path_less_chosen,
          gammafunk_temple_overflow_forgotten, hangedman_little_slice_of_home,
          minmay_circle_x
D:9:      layout_roguey, kennysheep_little_box, david_lair_shrubbed, orc_0_dummy
D:10:     layout_irregular_city, uniq_sonja
D:11:     layout_basic, portal_ice_cave_entry_ice_beasts, minivault_11,
          okawaru_ov_weapons_minmay
Temple:   nicolae_temple_hex_pool
IceCv:    ice_cave_small_giant

Skill      XL: |  1  2  3  4  5  6  7  8  9 10 11 12 |
---------------+-------------------------------------+-----
Conjurations   | 2 3 4 5 6 |  6.2
Air Magic      | 5 6 10 | 10.6
Spellcasting   | 3 4 6 |  6.1
Fighting       | 3 6 8 |  8.0
Dodging        | 4 6 8 9 |  9.1
Stealth        | 4 |  4.0
Evocations     | 6 |  6.0
Invocations    | 4 8 |  8.0

Action                   |  1- 3 |  4- 6 |  7- 9 | 10-12 || total
-------------------------+-------+-------+-------+-------++-------
Melee: Dagger            |     7 |     1 |    81 |   197 ||   286
       Kick              |       |       |    20 |    62 ||    82
       Peck              |       |       |    10 |    38 ||    48
 Fire: Hunting sling     |       |    20 |       |       ||    20
 Cast: Shock             |    67 |   102 |   208 |   198 ||   575
       Static Discharge  |       |     3 |    21 |    26 ||    50
       Airstrike         |       |       |    35 |   145 ||   180
       Conjure Flame     |       |       |       |    14 ||    14
       Mephitic Cloud    |       |       |       |     7 ||     7
       Lightning Bolt    |       |       |       |     8 ||     8
Invok: Channel Magic     |       |       |       |    11 ||    11
 Abil: Fly               |       |     1 |       |       ||     1
Evoke: Wand              |       |       |       |     1 ||     1
  Use: Scroll            |     4 |     9 |     7 |     9 ||    29
 Stab: Sleeping          |       |       |     3 |     1 ||     4
       Distracted        |       |       |       |     1 ||     1
  Eat: Chunk             |     2 |     7 |     9 |    38 ||    56
       Ration            |       |       |     4 |     3 ||     7
Armor: Robe              |     5 |     2 |    15 |    36 ||    58
Dodge: Dodged            |    18 |    21 |   115 |   215 ||   369

Table legend:
 A = Non-vault XP
 B = Vault XP
 C = Vault XP percentage of total XP
 D = Non-vault monster count
 E = Vault monster count
 F = Vault count percentage of total count
                 A         B        C        D         E       F
            +---------+---------+-------+---------+---------+-------
      Total |    9400 |   10381 |  52.5 |     224 |     101 |  31.1
            +---------+---------+-------+---------+---------+-------
        D:1 |      55 |       0 |   0.0 |      27 |       0 |   0.0
        D:2 |      70 |       3 |   4.1 |      19 |       2 |   9.5
        D:3 |      58 |      37 |  38.9 |      19 |       1 |   5.0
        D:4 |     518 |     375 |  42.0 |      24 |      11 |  31.4
        D:5 |     549 |     259 |  32.1 |      15 |       1 |   6.2
        D:6 |     697 |       0 |   0.0 |      14 |       0 |   0.0
        D:7 |     986 |     895 |  47.6 |      16 |       6 |  27.3
        D:8 |    1416 |    1322 |  48.3 |      34 |      14 |  29.2
        D:9 |     750 |     361 |  32.5 |      14 |       1 |   6.7
       D:10 |    2900 |     953 |  24.7 |      38 |       2 |   5.0
       D:11 |    1401 |     918 |  39.6 |       4 |       7 |  63.6
    Ossuary |       0 |     630 | 100.0 |       0 |      33 | 100.0
      IceCv |       0 |    4628 | 100.0 |       0 |      23 | 100.0
            +---------+---------+-------+---------+---------+-------
